 Dungeon Crawl Stone Soup version 0.23.1 (webtiles) character file.

Game seed: 0

86 nganga the Stinger (level 4, 0/37 HPs)
             Began as a Naga Venom Mage on Mar 4, 2019.
             Slain by a quokka (3 damage)
             ... on level 3 of the Dungeon on Mar 11, 2019.
             The game lasted 00:29:32 (1665 turns).

nganga the Stinger (Naga Venom Mage)                Turns: 1665, Time: 00:29:33

Health: 0/37       AC:  3    Str: 11    XL:     4   Next: 50%
Magic:  0/7        EV: 10    Int: 16    God:
Gold:   83         SH:  0    Dex: 11    Spells: 1/7 levels left

rFire    . . .     SeeInvis +   l - +0 short sword
rCold    . . .     Gourm    .   (no shield)
rNeg     . . .     Faith    .   x - +0 robe
rPois    +         Spirit   .   (no helmet)
rElec    .         Reflect  .   m - +0 cloak
rCorr    .         Harm     .   (no gloves)
MR       .....                  (no barding)
Stlth    ++........             (no amulet)
HPRegen  0.12/turn              (no ring)
MPRegen  0.10/turn              (no ring)

@: very slightly contaminated, very slow
A: large, see invisible, deformed body, poison resistance, slowness 2, slow
metabolism 1, spit poison 1, AC +1
a: Spit Poison


You were on level 3 of the Dungeon.
You were not hungry.

You visited 1 branch of the dungeon, and saw 3 of its levels.

You collected 83 gold pieces.

Inventory:

Hand Weapons
 f - a +0 dagger
 h - a +0 club
 i - a +0 dagger
 j - a +0 club
 k - a +0 spear
 l - a +0 short sword (weapon)
 n - a +0 whip
 o - a +0 hand axe
 p - a +0 club
 v - a +0 dagger
 w - a +0 club
Missiles
 g - 11 poisoned needles (quivered)
 q - 29 stones
Armour
 a - a +0 robe
 b - a +0 robe
 d - a +0 leather armour
 e - a +0 scale mail
 m - a +0 cloak (worn)
 s - a +0 scale mail
 x - a +0 robe (worn)
Potions
 t - a potion of heal wounds {unknown}
 u - 2 potions of agility
Comestibles
 c - 3 rations
 r - 5 chunks of flesh


   Skills:
 + Level 0.7 Fighting
 + Level 0.8 Short Blades
 + Level 1.0 Armour
 + Level 1.7 Dodging
 + Level 3.3 Stealth
 + Level 2.4 Spellcasting
 + Level 1.7 Conjurations
 + Level 5.0 Poison Magic


You had one spell level left.
You knew the following spells:

 Your Spells              Type           Power        Failure   Level  Hunger
a - Sting                 Conj/Pois      ##..         4%          1    #......
b - Poisonous Vapours     Pois/Air       ##....       11%         2    ###....
c - Mephitic Cloud        Conj/Pois/Air  #.......     24%         3    ###....

Your spell library contained the following spells:

 Spells                   Type           Power        Failure   Level  Hunger
 Olgreb's Toxic Radiance  Pois           ###.....     26%         4    #####..
 Venom Bolt               Conj/Pois      ##........   80%         5    ######.


Dungeon Overview and Level Annotations

Branches:
Dungeon (3/15)

Altars:
Uskayaw


Innate Abilities, Weirdness & Mutations

You cannot wear boots.
Your serpentine skin is tough. (AC +1)
You have supernaturally acute eyesight. (SInv)
Armour fits poorly on your strangely shaped body.
Your system is resistant to poisons. (rPois)
You cover ground very slowly.
You have a slow metabolism.
You can spit poison.


Message History

The gnoll hits you but does no damage.
Casting: Sting (safe; 5% risk of failure)
Confirm with . or Enter, or press ? or * to list all spells.
Aiming: Sting (safe; 5% risk of failure)
Press: ? - help, Shift-Dir - straight line, f/p - gnoll
Aim: a gnoll, wielding a +0 whip (severely wounded, poisoned)
You miscast Sting.
You are very lightly contaminated with residual magic.
You are momentarily dazzled by a flash of light!
The gnoll closely misses you.
Casting: Sting (safe; 5% risk of failure)
Confirm with . or Enter, or press ? or * to list all spells.
Aiming: Sting (safe; 5% risk of failure)
Press: ? - help, Shift-Dir - straight line, f/p - gnoll
Aim: a gnoll, wielding a +0 whip (almost dead, poisoned)
The sting hits the gnoll.
The gnoll looks even sicker.
You kill the gnoll!
Your Poison Magic skill increases to level 5!
The quokka bites you.
You die...

.. # #.
. ..#
##. ..
.. #.#.#
... #.#
#@# #r#
#(.....#
#(##.#.#
# #.#.#
#.. .
### ##


You could see a quokka.

Vanquished Creatures
  2 gnolls
  2 adders (D:2)
  2 oozes
  A worm (D:2)
  A dart slug (D:2)
  A ball python (D:1)
  4 giant cockroaches (D:1)
  A goblin (D:2)
  6 hobgoblins
  5 kobolds
  4 bats (D:1)
  4 frilled lizards
  6 rats
39 creatures vanquished.

Notes
Turn   | Place    | Note
-------+----------+-------------------------------------------
     0 | D:1      | nganga the Naga Venom Mage began the quest for the Orb.
     0 | D:1      | Reached XP level 1. HP: 15/15 MP: 3/3
   243 | D:1      | Reached XP level 2. HP: 19/22 MP: 0/5
   529 | D:1      | Reached skill level 1 in Armour
   557 | D:1      | Reached XP level 3. HP: 20/28 MP: 2/6
  1253 | D:2      | Noticed a +0 hand axe
  1253 | D:2      | Noticed a +0 hand axe
  1255 | D:2      | Found a hide-covered altar of Uskayaw.
  1286 | D:2      | Learned a level 2 spell: Poisonous Vapours
  1290 | D:2      | Learned a level 3 spell: Mephitic Cloud
  1515 | D:2      | Reached XP level 4. HP: 32/37 MP: 0/7
  1665 | D:3      | Reached skill level 5 in Poison Magic
  1665 | D:3      | Slain by a quokka

Skill      XL: |  1  2  3  4 |
---------------+-------------+-----
Armour         | 1 |  1.0
Poison Magic   | 5 |  5.0
Fighting       | |  0.7
Short Blades   | |  0.8
Dodging        | |  1.7
Stealth        | |  3.3
Spellcasting   | |  2.4
Conjurations   | |  1.7

Action                   |  1- 3 |  4- 6 || total
-------------------------+-------+-------++-------
Melee: Unarmed           |     9 |       ||     9
       Short sword       |    49 |     2 ||    51
       Club              |    15 |       ||    15
       Spear             |     2 |       ||     2
Throw: Stone             |     6 |       ||     6
 Cast: Sting             |    60 |    15 ||    75
  Use: Scroll            |     3 |       ||     3
  Eat: Chunk             |     2 |     1 ||     3
       Ration            |       |     1 ||     1
Armor: Leather armour    |    19 |       ||    19
       Scale mail        |    27 |       ||    27
       Robe              |     2 |     3 ||     5
Dodge: Dodged            |    53 |    11 ||    64
